 Dungeon Crawl Stone Soup version 0.27-a0-385-g3208abaabc (webtiles) character file.

Game seed: 5953986490514903013

292 ReteAZ the Covert (level 6, -2/35 HPs)
             Began as a Kobold Brigand on Feb 18, 2021.
             Killed from afar by a white imp (7 damage)
             ... with a puff of frost
             ... summoned by Natasha
             ... on level 2 of the Dungeon.
             The game lasted 00:02:17 (2946 turns).

ReteAZ the Covert (Kobold Brigand)                  Turns: 2946, Time: 00:02:17

Health: -2/35      AC:  3    Str:  9    XL:     6   Next: 59%
Magic:  0/6        EV: 14    Int: 12    God:
Gold:   162        SH:  0    Dex: 18    Spells: 5/5 levels left

rFire    . . .     SeeInvis .   a - +2 dagger
rCold    . . .     Faith    .   (shield restricted)
rNeg     . . .     Spirit   +   b - +0 robe
rPois    .         Reflect  .   (no helmet)
rElec    .         Harm     .   c - +0 cloak
rCorr    .         Rampage  .   (no gloves)
Will     .....                  (no boots)
Stlth    ++++++....             i - amulet of guardian spirit
HPRegen  0.11/turn              (no ring)
MPRegen  0.10/turn              (no ring)

@: no status effects
A: small, nightstalker 3
a: no special abilities


You were on level 2 of the Dungeon.
You visited 1 branch of the dungeon, and saw 3 of its levels.

You collected 162 gold pieces.

Inventory:

Hand Weapons
 a - a +2 dagger (weapon)
Missiles
 d - 8 poisoned darts (quivered)
 e - 2 curare-tipped darts
 j - 3 atropa-tipped darts
Armour
 b - a +0 robe (worn)
 c - a +0 cloak (worn)
 h - a +0 kite shield
Jewellery
 i - an amulet of guardian spirit (around neck)
 l - a ring of ice {unknown}
Scrolls
 f - 4 scrolls of identify {unknown}
 n - a scroll of noise {unknown}
 o - a scroll of amnesia {unknown}
 p - a scroll of enchant weapon {unknown}
 q - a scroll of blinking {unknown}
Potions
 g - 2 potions of heal wounds {unknown}
 k - a potion of ambrosia {unknown}
 m - 3 potions of flight {unknown}


   Skills:
 - Level 2.1 Fighting
 - Level 2.6 Short Blades
 - Level 2.1 Throwing
 - Level 1.2 Dodging
 + Level 10.3 Stealth


You had 5 spell levels left.
You didn't know any spells.
Your spell library was empty.

Dungeon Overview and Level Annotations

Branches:
Dungeon (3/15)

Altars:
Ashenzari
Hepliaklqana
Makhleb
Qazlal

Annotations:
D:2 Natasha


Innate Abilities, Weirdness & Mutations

You are small and have problems with some larger weapons.
You are completely attuned to the shadows.


Message History

You resist with some effort.
You closely miss Natasha.
Natasha is moderately wounded.
You closely miss Natasha.
Natasha is moderately wounded.
Natasha casts a spell at you. You resist with some effort.
The white imp hits you. The white imp freezes you.
You hit Natasha but do no damage.
Natasha is moderately wounded.
Natasha claws you.
The white imp shouts, "Away with thee, thou churlish limp-willed whip-jack!"
The white imp gestures at you. The puff of frost misses you.
You hit Natasha.
Natasha is heavily wounded.
Natasha claws you. The white imp gestures at you. The puff of frost hits you.
You hit Natasha.
Natasha is severely wounded.
Natasha claws you. The white imp barely misses you.
You hit Natasha.
Natasha is severely wounded.
Natasha stares at you and mumbles some strange words.
You resist with some effort. The white imp hits you. The white imp freezes you.
You closely miss Natasha.
Natasha is severely wounded.
Natasha casts a spell at you. The magic dart hits you!
* * * LOW HITPOINT WARNING * * *
The white imp closely misses you.
You hit Natasha but do no damage.
Natasha is severely wounded.
Natasha claws you.
* * * LOW HITPOINT WARNING * * *
You hit Natasha.
Natasha is severely wounded.
The white imp gestures at you. The puff of frost hits you!
You die...

,,,,,,,,,,,,,,,,,,,,,,,,*
***********************,* *,* *,*
*,* ###### #########'** #..)..
#........,,* #.....
###h.......,,* #.....
#>.5@......,,* #.....
#.#........,,* #.....
#.###..#########....#
************#..............'...#.
,,,,†,,,,,,,######..########...#.
***********,* ##.## #...#. *,*
#..# #....# *,* ##.# #).... *,*
#.## ###'#.


You could see Natasha and a white imp (summoned).

Vanquished Creatures
  An ogre (D:3)
  An orc priest (D:3)
  Jessica (D:2)
  Natasha (twice) (D:2)
  An orc wizard (D:3)
  3 adders
  An ooze (D:2)
  A worm (D:3)
  3 dart slugs (D:1)
  A leopard gecko (D:3)
  2 orcs
  A ball python (D:2)
  5 bats
  2 giant cockroaches
  4 goblins
  A hobgoblin (D:2)
  6 kobolds
  4 frilled lizards
  4 rats (D:2)
44 creatures vanquished.

Notes
Turn   | Place    | Note
-------+----------+-------------------------------------------
     0 | D:1      | ReteAZ the Kobold Brigand began the quest for the Orb.
     0 | D:1      | Reached XP level 1. HP: 12/12 MP: 1/1
   157 | D:1      | Reached XP level 2. HP: 14/17 MP: 0/2
   239 | D:1      | Reached skill level 6 in Stealth
   571 | D:2      | Reached XP level 3. HP: 21/21 MP: 3/3
   623 | D:2      | Found a broken altar of Ashenzari.
   770 | D:2      | Reached skill level 7 in Stealth
  1421 | D:2      | Reached XP level 4. HP: 26/26 MP: 4/4
  1440 | D:2      | Noticed Jessica
  1455 | D:2      | Killed Jessica
  1689 | D:2      | Reached skill level 8 in Stealth
  1705 | D:2      | Found a stormy altar of Qazlal.
  1832 | D:3      | Noticed an ogre
  1836 | D:3      | Killed an ogre
  1837 | D:3      | Reached skill level 9 in Stealth
  1837 | D:3      | Reached XP level 5. HP: 30/30 MP: 5/5
  2012 | D:3      | Reached XP level 6. HP: 35/35 MP: 6/6
  2022 | D:2      | Found a hazy altar of Hepliaklqana.
  2022 | D:2      | Found a burning altar of Makhleb.
  2022 | D:2      | Noticed Natasha
  2027 | D:2      | Killed Natasha
  2137 | D:3      | Reached skill level 10 in Stealth
  2438 | D:2      | Noticed Natasha
  2455 | D:2      | Killed Natasha
  2823 | D:2      | Found a broken altar of Ashenzari.
  2927 | D:2      | Noticed Natasha
  2946 | D:2      | Killed from afar by a white imp

Illustrated notes

Levels and vault maps discovered:
D:1:      minmay_arrival_semitransparent, layout_rooms
D:2:      layout_basic, nicolae_overflow_hidden_temple, evilmike_ruin_ashenzari,
          uniq_jessica, uniq_natasha
D:3:      layout_loops_corners, uniq_crazy_yiuf_cottage

Skill      XL: |  1  2  3  4  5  6 |
---------------+-------------------+-----
Stealth        | 6 7 9 10 | 10.3
Fighting       | |  2.1
Short Blades   | |  2.6
Throwing       | |  2.1
Dodging        | |  1.2

Action                   |  1- 3 |  4- 6 || total
-------------------------+-------+-------++-------
Melee: Dagger            |    45 |    73 ||   118
 Stab: Sleeping          |    18 |    13 ||    31
Armor: Robe              |     6 |     5 ||    11
Dodge: Dodged            |    17 |    32 ||    49

Table legend: (Time is in decaauts)
 A = Elapsed time spent in this place.
 B = Non-inter-level travel time spent in this place.
 C = Inter-level travel time spent in this place.
 D = Time resting spent in this place.
 E = Time spent auto-exploring this place.
 F = Levels seen in this place.
 G = Mean time per level.
                   A        B        C        D        E       F      G
               +--------+--------+--------+--------+--------+-----+--------+
         Total |   2932 |   2811 |    121 |    473 |   2038 |   3 |  977.3 |
       Dungeon |   2932 |   2811 |    121 |    473 |   2038 |   3 |  977.3 |
               +--------+--------+--------+--------+--------+-----+--------+

Top non-repeatable levels by time:
     D:2: 2091 daAuts
     D:1: 546 daAuts
     D:3: 294 daAuts
